 Dungeon Crawl Stone Soup version 0.19.1 (webtiles) character file.

246 TheForgottenOwl the Slasher (level 5, -2/45 HPs)
             Began as a Minotaur Fighter on Dec 14, 2016.
             Slain by a centaur zombie (5 damage)
             ... in an ossuary.
             The game lasted 00:03:29 (2673 turns).

TheForgottenOwl the Slasher (Minotaur Fighter)      Turns: 2673, Time: 00:03:30

Health: -2/45      AC: 11    Str: 26    XL:     5   Next: 84%
Magic:  4/4        EV:  4    Int:  5    God:
Gold:   176        SH: 10    Dex: 10    Spells: 0 memorised, 4 levels left

rFire  . . .     SeeInvis .     g - staff of energy (curse)
rCold  + . .     Gourm    .     l - +0 plate armour
rNeg   . . .     Faith    .     c - +0 shield
rPois  .         Spirit   .     (helmet restricted)
rElec  .         Reflect  .     (no cloak)
rCorr  .         Harm     .     (no gloves)
MR     .....     Rnd*Tele +     (no boots)
Stlth  ..........               (no amulet)
                                r - ring of teleportation (curse)
                                k - ring of protection from cold

@: mighty
A: retaliatory headbutt, horns 2
a: no special abilities


You were in an ossuary.
You were very hungry.

You visited 1 branch of the dungeon, and saw 4 of its levels.
You also visited: Ossuary.

You collected 176 gold pieces.

Inventory:

Hand Weapons
 a - a +0 long sword
Armour
 c - a +0 shield (worn)
 l - a +0 plate armour (worn)
Magical Staves
 g - a cursed staff of energy (weapon)
Jewellery
 k - a ring of protection from cold (left hand)
 r - a cursed ring of teleportation (right hand)
Scrolls
 b - a scroll of magic mapping
 i - a scroll of blinking {unknown}
 m - 3 scrolls of amnesia
 n - a scroll of remove curse {unknown}
 p - a scroll of enchant armour {unknown}
 q - 3 scrolls of fog
 s - a scroll of recharging {unknown}
Potions
 d - a potion of might
 o - a potion of cure mutation
Comestibles
 f - 2 bread rations


   Skills:
 - Level 3.6 Fighting
 + Level 7.5 Long Blades
 - Level 3.6 Armour
 - Level 3.6 Shields


You had 4 spell levels left.
You didn't know any spells.

Dungeon Overview and Level Annotations

Branches:
Dungeon (4/15)
 Temple: D:4-7

Altars:
Fedhas


Innate Abilities, Weirdness & Mutations

You reflexively headbutt those who attack you in melee.
You have a pair of horns on your head.


Message History

The mummy hits you!
* * * LOW HITPOINT WARNING * * *
Unknown command.
You hit the mummy.
You destroy the mummy!
The centaur zombie hits you.
* * * LOW HITPOINT WARNING * * *
The orc zombie barely misses you.
The centaur zombie hits you but does no damage.
You block the goblin zombie's attack. The orc zombie hits you.
* * * LOW HITPOINT WARNING * * *
Unknown command.
The goblin zombie hits you.
* * * LOW HITPOINT WARNING * * *
Unknown command.
Okay, then.
Okay, then.
You feel very mighty all of a sudden. The centaur zombie hits you.
You die...

###### .#.#.#.
##### .......
##...## .......
##.....###.......
#....Z...........
#..∩.?ZZ.........
#...Z...Z........
##..@ZZ###.......
##...## .......
##### .......
.#.#.#. #### #


You could see a goblin zombie, 3 hobgoblin zombies, a big kobold zombie, an orc
zombie and a centaur zombie.

Vanquished Creatures
  Natasha (twice) (D:2)
  A mummy (Ossuary)
  11 adders
  An ooze (D:3)
  3 worms (D:3)
  2 dart slugs
  3 orcs (D:4)
  4 bats
  3 giant cockroaches
  6 hobgoblins
  4 jackals (D:1)
  11 kobolds
  2 quokkas (D:3)
  8 frilled lizards
  5 goblins
  A leopard gecko skeleton (D:4)
  4 rats
71 creatures vanquished.

Notes
Turn   | Place    | Note
-------+----------+-------------------------------------------
     0 | D:1      | TheForgottenOwl the Minotaur Fighter began the quest for the Orb.
     0 | D:1      | Reached XP level 1. HP: 19/19 MP: 0/0
    46 | D:1      | Reached skill level 3 in Long Blades
    53 | D:1      | Reached XP level 2. HP: 18/26 MP: 1/1
   768 | D:1      | Reached skill level 4 in Long Blades
   768 | D:1      | Reached XP level 3. HP: 28/31 MP: 2/2
   967 | D:2      | Reached skill level 5 in Long Blades
  1221 | D:2      | Reached XP level 4. HP: 39/39 MP: 3/3
  1345 | D:2      | Noticed Natasha
  1359 | D:2      | Killed Natasha
  1632 | D:2      | Reached skill level 6 in Long Blades
  1748 | D:2      | Noticed Natasha
  1753 | D:2      | Killed Natasha
  1753 | D:2      | Reached XP level 5. HP: 34/45 MP: 4/4
  2095 | D:3      | Found a blossoming altar of Fedhas.
  2245 | D:3      | Reached skill level 7 in Long Blades
  2639 | D:4      | Found a sand-covered staircase.
  2647 | Ossuary  | Entered an ossuary
  2673 | Ossuary  | Slain by a centaur zombie

Skill      XL: |  1  2  3  4  5 |
---------------+----------------+-----
Long Blades    | 3 4 5 6 7 |  7.5
Fighting       | |  3.6
Armour         | |  3.6
Shields        | |  3.6

Action                   |  1- 3 |  4- 6 || total
-------------------------+-------+-------++-------
Melee: Long sword        |    80 |   137 ||   217
       Headbutt          |     9 |    23 ||    32
       Staff             |       |    10 ||    10
  Use: Potion            |     1 |     3 ||     4
       Scroll            |       |     5 ||     5
  Eat: Pizza             |       |     2 ||     2
       Beef jerky        |       |     1 ||     1
Armor: Scale mail        |    17 |       ||    17
       Plate armour      |    45 |    87 ||   132
Dodge: Dodged            |    19 |    14 ||    33
Block: Shield            |    52 |    63 ||   115
       Rpst.: Long sword |     3 |       ||     3
